 Dungeon Crawl Stone Soup version 0.27.1-34-g3ba077fa99 (webtiles) character file.

Game seed: 1533568358395457246

19 ticklebelly the Skirmisher (level 2, -2/27 HPs)
             Began as a Minotaur Berserker on Jan 3, 2022.
             Was a Follower of Trog.
             Slain by Sigmund (6 damage)
             ... on level 2 of the Dungeon.
             The game lasted 00:04:24 (1463 turns).

ticklebelly the Skirmisher (Minotaur Berserker)     Turns: 1463, Time: 00:04:25

Health: -2/27      AC:  5    Str: 21    XL:     2   Next: 55%
Magic:  1/1        EV: 11    Int:  4    God:    Trog [*.....]
Gold:   57         SH:  0    Dex:  9    Spells: 1/1 levels left

rFire    . . .     SeeInvis .   a - +0 hand axe
rCold    . . .     Faith    .   (no shield)
rNeg     . . .     Spirit   .   f - +0 ring mail
rPois    .         Reflect  .   (helmet restricted)
rElec    .         Harm     .   (no cloak)
rCorr    .         Rampage  .   (no gloves)
Will     .....                  (no boots)
Stlth    ..........             (no amulet)
HPRegen  0.09/turn              (no ring)
MPRegen  0.07/turn              (no ring)

@: on berserk cooldown, slowed, very slow
A: horns 2, retaliatory headbutt
a: Renounce Religion, Berserk


You were on level 2 of the Dungeon.
You worshipped Trog.
Trog was aware of your devotion.
You visited 1 branch of the dungeon, and saw 2 of its levels.

You collected 57 gold pieces.

Inventory:

Hand Weapons
 a - a +0 hand axe (weapon)
Armour
 f - a +0 ring mail (worn)
Scrolls
 c - 2 scrolls of teleportation {unknown}
 d - a scroll of holy word {unknown}
Potions
 e - a potion of heal wounds


   Skills:
 + Level 4.0 Fighting
 + Level 3.9 Axes
 + Level 2.8 Armour
 + Level 2.5 Dodging


You had one spell level left.
You didn't know any spells.
Your spell library was empty.

Dungeon Overview and Level Annotations

Branches:
Dungeon (2/15)

Altars:

Shops:
D:1 **[!

Annotations:
D:2 Sigmund


Innate Abilities, Weirdness & Mutations

You have a pair of horns on your head.
You reflexively headbutt those who attack you in melee.


Message History

You slash something! You hit the plant. You hit the fungus.
Something hits you but does no damage.
You barely miss something. Your headbutt misses something. You hit the fungus.
You hit the plant but do no damage.
A nearby fungus withers and dies.
Something hits you but does no damage.
You completely miss something. Your headbutt misses something.
You hit the plant.
A nearby plant withers and dies.
Something hits you.
You hit something. You hit something.
You hear some strange, mumbled words.
A magic dart appears from out of thin air!
The magic dart hits you.
A red film seems to cover your vision as you go berserk!
You feel yourself moving faster!
You feel mighty!
You hear some strange, mumbled words.
You are confused.
You barely miss something. Your headbutt misses something.
You hear some strange, mumbled words.
A magic dart appears from out of thin air!
The magic dart hits you.
You slash something! Something hits you but does no damage.
You bump into the rock wall.
You feel a strong urge to attack something.
You're too confused to move!
You bump into the rock wall.
You feel your anger nearly subside.
You are no longer berserk.
You are exhausted.
You feel yourself slow down. Something hits you but does no damage.
You bump into the rock wall.
You feel less confused. Something hits you.
You hit something but do no damage. Something barely misses you.
You hit something but do no damage.
You hear some strange, mumbled words.
A puff of flame appears from out of thin air!
The puff of flame misses you.
You barely miss something. Something hits you!
* * * LOW HITPOINT WARNING * * *
Something hits you.
You die...

# #.[ .... #. #.###.#
###.#####<#.).#
#.........#.#.#######
#.................# #.
#...........^..^..# #.# ###
#..#.#.#._.#.#.#..# #.# #..
#..#.#.#####.#.# .# #.###.#
#...#P#....@#.#...# #.##...
##...#.#####{#....# #......
##..P#..P..#.....####.#....
##...#####................
##...........######.#....
##.#####...## #.##... #.#
#### ####.#####
#.############....#
#.................#


There were no monsters in sight!

Vanquished Creatures
  A worm (D:1)
  2 bats (D:1)
  An endoplasm (D:2)
  3 goblins (D:1)
  A hobgoblin (D:1)
  3 ball pythons (D:1)
  A frilled lizard (D:1)
  4 rats (D:1)
16 creatures vanquished.

Vanquished Creatures (others)
  A fungus (D:2)
  A plant (D:2)
2 creatures vanquished.

Grand Total: 18 creatures vanquished

Notes
Turn   | Place    | Note
-------+----------+-------------------------------------------
     0 | D:1      | ticklebelly the Minotaur Berserker began the quest for the
                  | Orb.
     0 | D:1      | Reached XP level 1. HP: 19/19 MP: 0/0
   528 | D:1      | Found Zeme Dau's Distillery.
   538 | D:1      | Reached XP level 2. HP: 17/27 MP: 1/1
   652 | D:1      | Found Ridemeen's Armour Boutique.
   824 | D:1      | Found Firhauc's General Store.
   900 | D:1      | Found Jibbeez's Assorted Antiques.
  1239 | D:1      | Reached skill level 4 in Fighting
  1420 | D:2      | Found a faded altar of an unknown god.
  1425 | D:2      | Noticed Sigmund
  1463 | D:2      | Slain by Sigmund

Illustrated notes

Levels and vault maps discovered:
D:1:      dpeg_arrival_brainrot, layout_loops_ring, serial_shops,
          nicolae_shop_waterfront, nicolae_square_shop, shop, nicolae_shop_stone
D:2:      layout_loops_ring, shapermc_ecumenical_altar_rom_forum,
          lightli_corner_chamber, uniq_robin, uniq_sigmund

Skill      XL: |  1  2 |
---------------+-------+-----
Fighting       | 4 |  4.0
Axes           | |  3.9
Armour         | |  2.8
Dodging        | |  2.5

Action                   || total
-------------------------++-------
Melee: Hand axe          ||    49
       Headbutt          ||     4
Invok: Berserk           ||     2
  Use: Potion            ||     1
Armor: Animal skin       ||     3
       Ring mail         ||     9
Dodge: Dodged            ||    21
